 Dungeon Crawl Stone Soup version 0.30-a0-459-g9104f0fc43 (webtiles) character file.

Game seed: 3681139388479092680

1767904 FexLirch the Impregnable (level 27, 214/214 HPs)
             Began as a Barachi Hunter on Dec 13, 2021.
             Was a High Priest of Okawaru.
             Escaped with the Orb
             ... and 3 runes on Dec 16, 2022!
             The game lasted 08:28:23 (60770 turns).

FexLirch the Impregnable (Barachi Hunter)          Turns: 60770, Time: 08:28:24

Health: 214/214    AC: 28    Str: 14    XL:     27
Magic:  29/29      EV: 26    Int: 12    God:    Okawaru [*****.]
Gold:   4575       SH:  0    Dex: 34    Spells: 24/26 levels left

rFire   + + .      SeeInvis +    e - +8 storm bow {elec, penet}
rCold   . . .      Faith    .    (shield currently unavailable)
rNeg    + . .      Spirit   .    m - +4 chain mail "Raurro" {Rampage Will+ Slay+3 Stlth+}
rPois   .          Reflect  .    o - +0 mask of the Dragon {Will+ Slay+3 SInv}
rElec   +          Harm     .    f - +2 cloak
rCorr   +          Rampage  +    y - +2 pair of gloves {Dex+3}
Will    ++++.                    z - +1 pair of boots of Sureaxom {rElec rN+}
Stlth   +.........               X - amulet of Vitality {RegenMP++ Regen++}
HPRegen 2.15/turn                I - ring of Roops {rElec rF+ rCorr Dex+4 Slay+3}
MPRegen 1.01/turn                J - ring of the Hero {rC+ Str-3 Int+2 Dex+6}

@: slow
A: amphibious, slowness 1, strong legs 2, +LOS, talons 1, see invisible, clumsy
1, deformed body, dopey 1, fire resistance 1, frail 1, low MP 2, cold
vulnerability 1, subdued magic 1, inability to read after injury 1
0: Orb of Zot
}: 3/15 runes: decaying, serpentine, abyssal
a: Hop, Renounce Religion, Heroism, Finesse, Duel


You escaped.
You worshipped Okawaru.
Okawaru was extremely pleased with you.
You visited 10 branches of the dungeon, and saw 46 of its levels.
You visited the Abyss 2 times.
You also visited: Ossuary, Gauntlet, Ice Cave, Volcano and Desolation.

You collected 6515 gold pieces.
You spent 1940 gold pieces at shops.

Inventory:

Hand Weapons
 a - a +3 antimagic arbalest
 d - a +5 arbalest of freezing
 e - the +8 storm bow (weapon) {elec, penet}
   (Okawaru gifted it to you on level 3 of the Vaults)

   Any ammunition fired from it occasionally discharges a powerful burst of
   electricity upon striking a foe.
   Any ammunition fired by it passes through the targets it hits, potentially
   hitting all targets in its path until it reaches maximum range.
 q - the +4 dagger "Morg" {pain, Will+ Int+5}
   (You took it off a minotaur in a Gauntlet)

   In the hands of one skilled in necromantic magic, it inflicts extra damage on
   living creatures.
   Int:       It affects your intelligence (+5).
   Will:      It increases your willpower.
 s - the +11 shortbow "Hydrabane" {venom, Fly rElec MP-9 Stlth-}
   (You acquired it on level 1 of the Lair of Beasts)

   Any ammunition fired from it poisons the flesh of those it strikes.
   rElec:     It insulates you from electricity.
   MP:        It affects your magic capacity (-9).
   Fly:       It grants you flight.
   Stlth:     It makes you less stealthy.
 x - a +4 longbow of flaming
 D - the +12 pair of quick blades "Gyre" and "Gimble" {protect}
   (You found it in the Desolation of Salt)

   It grants its wielder temporary protection when it strikes (+7 to AC).
Missiles
 U - 5 throwing nets
Armour
 f - a +2 cloak (worn)
 m - the +4 chain mail "Raurro" (worn) {Rampage Will+ Slay+3 Stlth+}
   (You found it on level 3 of the Snake Pit)

   Slay:      It affects your accuracy & damage with ranged weapons and melee
   (+3).
   Rampage:   It bestows one free step when moving towards enemies.
   Will:      It increases your willpower.
   Stlth:     It makes you more stealthy.
 o - the +0 mask of the Dragon (worn) {Will+ Slay+3 SInv}
   (You acquired it on level 15 of the Dungeon)

   Slay:      It affects your accuracy & damage with ranged weapons and melee
   (+3).
   SInv:      It lets you see invisible.
   Will:      It increases your willpower.
 y - a +2 pair of gloves of dexterity (worn)
 z - the +1 pair of boots of Sureaxom (worn) {rElec rN+}
   (You acquired it on level 5 of the Realm of Zot)

   rElec:     It insulates you from electricity.
   rN:        It protects you from negative energy.
 E - a +2 pair of boots of stealth
Magical Staves
 H - a staff of death
Jewellery
 g - the ring of Huowus {rPois MP+9 Str+2}
   (You found it on level 1 of the Depths)

   [ring of poison resistance]

   Str:       It affects your strength (+2).
   rPois:     It protects you from poison.
   MP:        It affects your magic capacity (+9).
 C - a ring of willpower
 I - the ring of Roops (left hand) {rElec rF+ rCorr Dex+4 Slay+3}
   (You found it in an ice cave)

   [ring of resist corrosion]

   Dex:       It affects your dexterity (+4).
   Slay:      It affects your accuracy & damage with ranged weapons and melee
   (+3).
   rF:        It protects you from fire.
   rElec:     It insulates you from electricity.
   rCorr:     It protects you from acid and corrosion.
 J - the ring of the Hero (right hand) {rC+ Str-3 Int+2 Dex+6}
   (You found it in the Desolation of Salt)

   [ring of dexterity]

   Str:       It affects your strength (-3).
   Int:       It affects your intelligence (+2).
   Dex:       It affects your dexterity (+6).
   rC:        It protects you from cold.
 Q - the ring "Hokiaxiu" {rN+ Str+2 Int-5 Slay+3 SInv}
   (You found it on level 1 of the Realm of Zot)

   [ring of see invisible]

   Str:       It affects your strength (+2).
   Int:       It affects your intelligence (-5).
   Slay:      It affects your accuracy & damage with ranged weapons and melee
   (+3).
   rN:        It protects you from negative energy.
   SInv:      It lets you see invisible.
 X - the amulet of Vitality (around neck) {RegenMP++ Regen++}
   (You bought it in a shop on level 2 of the Orcish Mines)

   [amulet of magic regeneration]

   It increases your rate of magic regeneration.
   Regen:     It increases your rate of health regeneration.
Wands
 u - a wand of roots (11)
 G - a wand of iceblast (26)
 N - a wand of acid (23)
 W - a wand of digging (18)
Scrolls
 h - 10 scrolls of blinking
 j - 3 scrolls of enchant armour
 l - 2 scrolls of magic mapping
 v - a scroll of torment {unknown}
 A - 10 scrolls of vulnerability
 B - 10 scrolls of teleportation
 F - 5 scrolls of fog
 K - 7 scrolls of fear
 R - a scroll of silence
 V - 4 scrolls of poison {unknown}
 Y - 5 scrolls of immolation
Potions
 b - 2 potions of haste
 c - 8 potions of flight
 i - 4 potions of might
 k - 12 potions of mutation
 n - 6 potions of magic
 p - 3 potions of berserk rage
 r - 6 potions of heal wounds
 t - 9 potions of brilliance
 w - 22 potions of curing
 L - a potion of cancellation
 M - a potion of invisibility
 O - 6 potions of attraction
 P - 8 potions of lignification
 T - 7 potions of resistance
 Z - 6 potions of ambrosia
Miscellaneous
 S - the horn of Geryon


   Skills:
 + Level 24.1 Fighting
 - Level 8.0 Short Blades
 + Level 24.8 Ranged Weapons
 + Level 25.1 Armour
 + Level 22.4 Dodging
 - Level 0.8 Stealth
 - Level 2.0 Transmutations
 - Level 2.0 Earth Magic
 + Level 18.9 Invocations


You had 24 spell levels left.
You knew the following spells:

 Your Spells              Type           Power      Damage    Failure   Level
a - Passwall              Tmut/Erth      2%         N/A       65%         2

Your spell library contained the following spells:

 Spells                   Type           Power      Damage    Failure   Level
 Sandblast                Erth           6%         2d5       50%         1
 Foxfire                  Conj/Fire      0%         2x1d4     80%         1
 Magic Dart               Conj           0%         1d3       80%         1
 Pain                     Necr           0%         1d4       80%         1
 Blink                    Tloc           0%         N/A       90%         2
 Cigotuvi's Dreadful Rot  Necr/Pois/Air  0%         N/A       90%         2
 Poisonous Vapours        Pois/Air       0%         N/A       90%         2
 Scorch                   Fire           0%         2d5       90%         2
 Sublimation of Blood     Necr           0%         N/A       90%         2
 Stone Arrow              Conj/Erth      2%         3d7       95%         3
 Ignite Poison            Fire/Tmut/Pois 1%         N/A       97%         3
 Dazzling Flash           Conj/Hex       0%         N/A       99%         3
 Gell's Gravitas          Tloc           0%         N/A       99%         3
 Hailstorm                Conj/Ice       0%         3d3       99%         3
 Inner Flame              Hex/Fire       0%         N/A       99%         3
 Lesser Beckoning         Tloc           0%         N/A       99%         3
 Mephitic Cloud           Conj/Pois/Air  0%         N/A       99%         3
 Portal Projectile        Hex/Tloc       0%         N/A       99%         3
 Swiftness                Air            0%         N/A       99%         3
 Teleport Other           Tloc           0%         N/A       99%         3
 Petrify                  Tmut/Erth      3%         N/A       99%         4
 Anguish                  Hex/Necr       0%         N/A       100%        4
 Dispel Undead            Necr           0%         3d6       100%        4
 Flame Wave               Conj/Fire      0%         2d4       100%        4
 Ice Form                 Ice/Tmut       1%         N/A       100%        4
 Iskenderun's Mystic Bla  Conj/Tloc      0%         2d3       100%        4
 Leda's Liquefaction      Hex/Erth       0%         N/A       100%        4
 Manifold Assault         Tloc           0%         N/A       100%        4
 Passage of Golubria      Tloc           0%         N/A       100%        4
 Agony                    Necr           0%         N/A       100%        5
 Alistair's Intoxication  Tmut/Pois      0%         N/A       100%        5
 Blade Hands              Tmut           1%         N/A       100%        5
 Borgnjor's Vile Clutch   Necr/Erth      0%         N/A       100%        5
 Fireball                 Conj/Fire      0%         3d3       100%        5
 Irradiate                Conj/Tmut      0%         3d11      100%        5
 Iskenderun's Battlesphe  Conj           0%         2d6       100%        5
 Yara's Violent Unravell  Hex/Tmut       0%         3d3       100%        5
 Dispersal                Tloc           0%         N/A       100%        6
 Eringya's Noxious Bog    Tmut/Pois      0%         N/A       100%        6
 Iron Shot                Conj/Erth      0%         9d1       100%        6
 Starburst                Conj/Fire      0%         6d3       100%        6
 Dragon Form              Tmut           1%         N/A       100%        7
 Enfeeble                 Hex            0%         N/A       100%        7
 Orb of Destruction       Conj           0%         9d5       100%        7
 Storm Form               Tmut/Air       0%         N/A       100%        7
 Borgnjor's Revivificati  Necr           0%         N/A       100%        8
 Ignition                 Fire           0%         3d3       100%        8
 Lehudib's Crystal Spear  Conj/Erth      0%         10d2      100%        8
 Necromutation            Tmut/Necr      0%         N/A       100%        8
 Death's Door             Necr           0%         N/A       100%        9
 Summon Small Mammal      Summ           Unusable   N/A       N/A         1
 Call Imp                 Summ           Unusable   N/A       N/A         2
 Call Canine Familiar     Summ           Unusable   N/A       N/A         3
 Summon Guardian Golem    Hex/Summ       Unusable   N/A       N/A         3
 Tukima's Dance           Hex            Unusable   N/A       N/A         3
 Summon Forest            Summ/Tloc      Unusable   N/A       N/A         5
 Death Channel            Necr           Unusable   N/A       N/A         6
 Simulacrum               Ice/Necr       Unusable   N/A       N/A         6
 Summon Cactus Giant      Summ           Unusable   N/A       N/A         6
 Spellforged Servitor     Conj/Summ      Unusable   N/A       N/A         7
 Summon Hydra             Summ           Unusable   N/A       N/A         7

Dungeon Overview and Level Annotations

Branches:
Dungeon (15/15)            Temple (1/1) D:6            Lair (6/6) D:9
  Swamp (4/4) Lair:3        Snake (4/4) Lair:2        Slime (0/5) Lair:6
    Orc (2/2) D:9             Elf (0/3) Orc:2        Vaults (4/5) D:14
  Crypt (0/3) Vaults:2     Depths (4/4) D:15           Hell (visited)
    Dis (0/7) Hell            Geh (0/7) Hell            Coc (0/7) Hell
    Tar (0/7) Hell            Zot (5/5) Depths:4    Ossuary (visited)
  IceCv (visited)         Volcano (visited)         Desolation (visited)
Gauntlet (visited)

Altars:
Cheibriados
Dithmenos
Elyvilon
Fedhas
Gozag
Makhleb
Nemelex Xobeh
Okawaru
Qazlal
Ru
Sif Muna
Uskayaw
Vehumet
Wu Jian
Xom
Yredelemnul
Zin
The Shining One

Shops:
D:8 (??   Orc:2 (:*=   Snake:2 =   Vaults:2 !

Portals:
Hell: Depths:1 Depths:2 Depths:3 Depths:4
Abyss: Depths:2
Pandemonium: Depths:2
Ziggurat: Depths:4

Annotations:
Lair:3 1 runed translucent door, Wollwoll's ghost, journeyman DsIE
Zot:1 1 runed translucent door, Buusaloph's ghost, veteran TrCK
Zot:3 3 runed translucent doors, Kawoqao's ghost, legendary MiBe


Innate Abilities, Weirdness & Mutations

You are amphibious.
You cover ground slowly.
You can hop long distances.
You have an extended range of vision and can be seen from far away.
You have sharp toenails.
You have supernaturally acute eyesight. (SInv)
You are clumsy. (Dex -2)
Armour fits poorly on your strangely shaped body.
You are dopey. (Int -2)
Your flesh is heat resistant. (rF+)
You are frail. (-10% HP)
Your magical capacity is very low. (-20% MP)
You are vulnerable to cold. (rC-)
Your spells are a little easier to cast, but a little less powerful.
You occasionally lose the ability to read scrolls when taking damage.


Message History

(Z) Zot
Where to? (Enter - D:1 @ (x,y), ? - help)
What level of the Dungeon? (default 1, ? - help)
There is an open door here.
There is a stone staircase leading up here.
You climb upwards.
Your hands slow down.
There is a stone staircase leading down here.
A sixfirhy comes into view.
You shoot an arrow. The arrow barely misses the sixfirhy.
The sixfirhy closely misses you.
The sixfirhy hits you but does no damage.
The sixfirhy attacks as you move away! The sixfirhy completely misses you.
There is a stone staircase leading up here.
You shoot an arrow. The arrow closely misses the sixfirhy.
You shoot an arrow.
The arrow pierces through the sixfirhy!!
The sixfirhy is almost dead.
The sixfirhy barely misses you.
You shoot an arrow.
The arrow pierces through the sixfirhy!!!
You kill the sixfirhy!
Okawaru accepts your kill.
You climb upwards.
There is a stone staircase leading down here.
Unknown command.
You see here a +0 dagger.
There is a stone staircase leading up here.
You climb upwards.
There is a stone staircase leading down here.
Aiming: Dig
Press: ? - help, Shift-Dir - straight line A rock wall.
This square is covered in magical glow.
The rock shatters into small pieces.
Okay, then.
Unknown command.
There is an open door here.
There is a staircase leading out of the dungeon here.
You have escaped!

...#.'....#...#...#PP.#...#.###
...#.#...##...#...#...#..P#.#
...#.#...###'###'###'#.#'##.#
...#.######...............#.#
...#.# #......##.......'.#
...#.# #...............#.#
...#.# ##'###'###'###'##.#
...#†# #..P#...#..P#P..#.#
##.#.# #..~#.@.#...#...#.#
#.#.######################.#
#.#.........#............#.#
##.###.....#.#.##.........#.#
.....+.....'.#.##.........#.#
##.###.....###.##.........#.#
....##.....# #.##.........#.#
##..##.....###.##.........#.#
....#...........#.........#.#


There were no monsters in sight!

Vanquished Creatures
  A dread lich (Abyss:3)
  9 orbs of fire
  An ancient lich (Zot:5)
  Mara (Depths:1)
  A pandemonium lord (Zot:5)
  5 Killer Klowns
  Saint Roka (Orc:2)
  Margery (Depths:1)
  Vashnia (Snake:3)
  3 curse toes
  2 caustic shrikes
  Geryon (Arena)
  A profane servitor (Abyss:3)
  10 golden dragons
  3 bone dragons
  4 electric golems
  2 hellephants
  22 tentacled monstrosities
  An iron giant (Hell)
  2 Hell Sentinels
  An Ice Fiend (Depths:4)
  A walking earthen tome (Depths:1)
  4 liches
  A tainted leviathan (Hell)
  27 Orb Guardians
  6 quicksilver dragons
  An Executioner (Zot:5)
  3 titans
  10 sphinxes
  Murray (Hell)
  12 death cobs
  4 entropy weavers
  11 tentacled starspawn
  3 tengu reavers
  7 shadow dragons
  8 storm dragons
  Kirke (Lair:5)
  Agnes (Snake:2)
  Donald (Orc:2)
  2 thorn hunters
  12 draconian monks
  An azure jelly (Swamp:4)
  A daeva (Abyss:3)
  6 fire giants
  6 frost giants
  4 nagarajas (Snake:4)
  Louise (Snake:3)
  10 vault wardens
  6 draconian knights
  A balrug (Hell)
  An imperial myrmidon (Desolation)
  7 draconian shifters
  4 draconian scorchers
  Aizul (Snake:1)
  6 ghost moths
  2 iron dragons
  3 draconian stormcallers
  10 stone giants
  5 ghouls
  12 ironbound preservers
  2 spriggan defenders (Depths:2)
  21 green draconians
  3 draconian annihilators (Zot:4)
  20 starcursed masses
  15 very ugly things
  3 eleionomae
  4 vampire knights
  7 ironbound thunderhulks
  2 putrid mouths (Hell)
  9 black draconians
  A lorocyproca (Hell)
  A minotaur (Gauntlet)
  13 yellow draconians
  14 dire elephants
  11 spark wasps
  2 pale draconians (Depths:4)
  A wendigo (Hell)
  4 halazid warlocks (Desolation)
  3 iron golems (Hell)
  15 purple draconians
  6 bunyips
  8 red draconians
  6 white draconians
  2 crystal guardians
  3 jiangshi
  13 ettins
  A merfolk impaler (Depths:3)
  8 fire dragons
  Josephine (Lair:4)
  A green death (Abyss:2)
  3 servants of whispers (Desolation)
  6 ragged hierophants (Desolation)
  5 yaktaur captains
  A shambling mangrove (Swamp:2)
  5 great orbs of eyes
  A hell beast (Zot:5)
  15 hydras
  3 caustic shrike simulacra (Hell)
  12 centaur warriors
  4 boulder beetles
  14 naga warriors
  2 peacekeepers (Desolation)
  A spriggan skeleton (Hell)
  15 ice dragons
  3 ghost crabs
  3 rakshasas (Abyss:3)
  4 vault guards
  2 death knights (Vaults:2)
  4 spriggan air magi
  Harold (D:9)
  An ogre mage (Vaults:4)
  3 salamander tyrants
  12 alligators
  The ghost of Cancer the Devastator, a journeyman GrCj of Vehumet (Lair:2)
  A merfolk avatar (Abyss:3)
  14 anacondas
  The ghost of Zeatusch the Cleaver, a journeyman GrFi of Okawaru (D:12)
  7 deep troll shamans
  4 ironbound frosthearts
  11 two-headed ogres
  7 tengu warriors
  4 vampire magi
  5 death yaks
  13 deep troll earth magi
  4 orc high priests (Orc:2)
  9 thrashing horrors
  3 hell hogs (Hell)
  12 naga sharpshooters
  Urug (D:13)
  7 soul eaters (Hell)
  4 spriggan berserkers
  A titan zombie (Hell)
  17 hell knights
  15 spriggans
  4 shock serpents
  9 wretched stars
  6 sun demons
  18 iron trolls
  Sonja (D:12)
  A shadow wraith (Vaults:2)
  2 salamander mystics
  6 goliath frogs
  A sixfirhy (D:3)
  4 bog bodies
  71 deep trolls
  A glowing orange brain (shapeshifter) (Vaults:4)
  A death drake (Abyss:3)
  3 spriggan druids
  6 glowing orange brains
  4 flayed ghosts
  2 shadow demons
  8 swamp dragons
  6 lindwurms
  2 spriggan simulacra
  6 naga ritualists
  15 ironbound convokers
  16 wizards
  A shadow dragon zombie (Depths:3)
  3 phantasmal warriors
  5 mana vipers
  A deep elf pyromancer (D:12)
  5 harpies
  4 orange crystal statues (D:10)
  4 necromancers
  2 orc knights
  A frost giant zombie (Depths:3)
  A faun (shapeshifter) (Vaults:3)
  5 orc sorcerers
  4 cyclopes
  55 ugly things
  5 worldbinders
  5 will-o-the-wisps
  2 manticores
  An oklob plant (Snake:2)
  20 vault sentinels
  Maurice (D:12)
  3 apocalypse crabs (Abyss:3)
  25 black mambas
  3 guardian serpents
  12 salamanders
  19 naga magi
  31 moths of wrath
  7 molten gargoyles
  27 elephants
  3 rust devils
  2 ice statues (IceCv)
  A black mamba (shapeshifter) (D:15)
  A gargoyle (D:13)
  9 cane toads
  5 hellions
  33 yaktaurs
  14 smoke demons
  An unseen horror (Abyss:3)
  2 orange demons (Abyss:3)
  6 torpor snails (Lair:6)
  A bunyip simulacrum (Hell)
  A tormentor (Depths:2)
  A naga skeleton (Abyss:3)
  6 freezing wraiths
  A komodo dragon (shapeshifter) (Abyss:3)
  2 kobold demonologists (D:11)
  A demonic crawler (Hell)
  The ghost of browni3141 the Stinger, a novice OpVM of Sif Muna (D:5)
  An anaconda simulacrum (Hell)
  11 rime drakes
  6 tengu conjurers
  6 efreet
  9 komodo dragons
  3 hellwings
  2 red devils
  A polar bear (Lair:4)
  11 trolls
  4 bloated husks
  7 tyrant leeches
  48 slime creatures
  11 ancient zymes
  27 saltlings (Desolation)
  25 hornets
  7 raiju
  15 blink frogs
  A dream sheep (shapeshifter) (Abyss:3)
  8 flying skulls (Abyss:3)
  13 large abominations
  4 shadows (Abyss:3)
  An air elemental (Abyss:3)
  6 water elementals
  An ettin skeleton (Hell)
  3 fire elementals (Gauntlet)
  2 hogs (Lair:5)
  10 fire bats
  5 basilisks
  A hog (shapeshifter) (D:14)
  5 wyverns
  40 yaks
  8 wraiths
  A human (Lair:5)
  A golden eye (Abyss:3)
  10 vampire mosquitoes
  6 steam dragons
  17 ynoxinuls
  4 swamp worm simulacra (Swamp:4)
  7 redbacks
  10 chaos spawn
  A demonspawn zombie (Abyss:3)
  10 neqoxecs
  The ghost of ytrimaz the Insei, an amateur OpTm (D:3)
  3 wargs
  A harpy simulacrum (Hell)
  A spatial vortex (Abyss:3)
  11 water moccasins
  2 acid dragons
  38 nagas
  13 swamp worms
  5 hell hounds
  15 hydra simulacra
  A glowing shapeshifter skeleton (Depths:3)
  2 black bears (D:9)
  2 hornet zombies
  An ice beast (D:5)
  2 swamp drakes
  2 sky beasts
  A fire dragon simulacrum (Hell)
  33 orc warriors
  5 necrophages
  5 boggarts (Vaults:1)
  15 ogres
  3 centaurs
  19 small abominations
  Blork the orc (D:4)
  2 kobold brigands
  5 elf zombies (Ossuary)
  A gnoll sergeant (D:9)
  9 bullfrogs
  2 scorpions (D:9)
  A water moccasin zombie (D:3)
  A lindwurm simulacrum (IceCv)
  23 killer bees
  An electric eel (D:8)
  4 wights (D:9)
  7 lava snakes (Volcano)
  A howler monkey (D:4)
  2 quasits
  5 komodo dragon simulacra (IceCv)
  2 bullfrog zombies
  4 centaur zombies
  4 iron imps
  A hound (D:5)
  2 human zombies (Ossuary)
  29 orc priests
  4 jellies
  A centaur skeleton (D:6)
  3 gnoll boudas
  Crazy Yiuf (D:2)
  Jessica (D:2)
  5 iguanas
  35 orc wizards
  6 hell rats (Lair:6)
  A killer bee zombie (D:8)
  2 mummies (Ossuary)
  15 gnolls
  7 acid dragon simulacra (IceCv)
  8 adders
  2 river rats (Lair:6)
  17 white imps
  8 steam dragon simulacra (IceCv)
  4 swamp drake simulacra (Swamp:4)
  4 ufetubi
  2 adder skeletons (D:4)
  3 worms
  3 dart slugs
  105 orcs
  4 ball pythons
  9 endoplasms
  9 giant cockroaches
  8 goblins
  8 hobgoblins
  10 jackals
  2 quokkas
  8 bats
  6 frilled lizards
  A goblin zombie (Ossuary)
  7 hobgoblin zombies (Ossuary)
  2 jackal zombies (Ossuary)
  16 kobolds
  10 kobold zombies (Ossuary)
  9 orc zombies (Ossuary)
  14 rats
  2 lurking horrors
  8 starspawn tentacles
2300 creatures vanquished.

Vanquished Creatures (others)
  A troll (Zot:3)
  A swamp worm (Swamp:4)
  A water moccasin (Lair:6)
  A small abomination (Abyss:3)
  An orc (Orc:2)
  6 foxfires
  43 fungi
  A pillar of salt (Desolation)
  61 plants
  13 starspawn tentacles
  2 withered plants
131 creatures vanquished.

Grand Total: 2431 creatures vanquished

Notes
Turn   | Place    | Note
-------+----------+-------------------------------------------
     0 | D:1      | FexLirch the Barachi Hunter began the quest for the Orb.
     0 | D:1      | Reached XP level 1. HP: 17/17 MP: 1/1
   147 | D:1      | Reached XP level 2. HP: 21/23 MP: 2/2
   593 | D:1      | Reached XP level 3. HP: 26/28 MP: 3/3
   626 | D:1      | Reached skill level 5 in Ranged Weapons
  1903 | D:2      | Found a faded altar of an unknown god.
  2231 | D:2      | Reached XP level 4. HP: 23/34 MP: 4/4
  2956 | D:2      | Noticed Jessica
  2959 | D:2      | Killed Jessica
  3190 | D:2      | Found a runed translucent door.
  3191 | D:2      | Noticed Crazy Yiuf
  3199 | D:2      | Killed Crazy Yiuf
  3200 | D:2      | Reached XP level 5. HP: 35/39 MP: 5/5
  3403 | D:3      | Found a transporter.
  3406 | D:3      | Noticed ytrimaz's ghost (amateur OpTm)
  3408 | D:3      | Found a transporter.
  3591 | D:3      | Found a blossoming altar of Fedhas.
  3619 | D:3      | Found a stormy altar of Qazlal.
  3883 | D:3      | Found a glowing golden altar of the Shining One.
  4301 | D:4      | Reached XP level 6. HP: 46/46 MP: 6/6
  4316 | D:4      | Noticed Blork the orc
  4591 | D:4      | Found a basalt altar of Yredelemnul.
  4660 | D:4      | Killed Blork the orc
  4724 | D:4      | Reached XP level 7. HP: 38/51 MP: 7/7
  5480 | D:5      | Entered Level 5 of the Dungeon
  5480 | D:5      | Found a transporter.
  5651 | D:5      | Found an ornate altar of the Wu Jian Council.
  5661 | D:5      | Found a transporter.
  6213 | D:5      | Noticed browni3141's ghost (novice OpVM)
  6268 | D:5      | Reached XP level 8. HP: 56/57 MP: 8/8
  6276 | D:5      | Reached skill level 10 in Ranged Weapons
  6512 | D:5      | Found a radiant altar of Vehumet.
  7090 | D:5      | Found a burning altar of Makhleb.
  7577 | D:5      | Found a sparkling altar of Nemelex Xobeh.
  7910 | D:7      | Found a shadowy altar of Dithmenos.
  7955 | D:7      | Reached skill level 1 in Armour
  8028 | D:7      | Found a sand-covered staircase.
  8044 | Ossuary  | Entered an ossuary
  8472 | Ossuary  | Reached skill level 2 in Armour
  8472 | Ossuary  | Reached XP level 9. HP: 64/64 MP: 9/9
  8851 | D:7      | Reached skill level 3 in Armour
  8904 | D:7      | Learned a level 2 spell: Passwall
  9757 | D:6      | Reached skill level 1 in Transmutations
 10101 | D:6      | Found a staircase to the Ecumenical Temple.
 10113 | D:6      | Reached skill level 1 in Earth Magic
 10145 | Temple   | Entered the Ecumenical Temple
 10184 | Temple   | Became a worshipper of Warmaster Okawaru
 10313 | D:8      | Got Sif Muna's Compendium of Torrid Summoning
 10540 | D:8      | Reached skill level 5 in Fighting
 10546 | D:8      | Reached skill level 4 in Armour
 10861 | D:8      | Reached skill level 1 in Invocations
 11070 | D:8      | Found a hide-covered altar of Uskayaw.
 11492 | D:8      | Found Renol's Magic Scroll Boutique.
 11495 | D:8      | Found Yruapo's Magic Scroll Shoppe.
 11500 | D:8      | Found Hohi's Weapon Emporium.
 11539 | D:8      | Bought a scroll of teleportation for 39 gold pieces
 11806 | D:8      | Reached * piety under Okawaru
 11902 | D:9      | Noticed a hornet
 11915 | D:9      | Killed a hornet
 11916 | D:9      | Reached skill level 5 in Dodging
 11916 | D:9      | Reached XP level 10. HP: 68/76 MP: 8/11
 11981 | D:9      | Reached skill level 5 in Armour
 12257 | D:9      | Reached ** piety under Okawaru
 12362 | D:9      | Noticed a two-headed ogre
 12380 | D:9      | Killed a two-headed ogre
 13368 | D:9      | Found a staircase to the Lair.
 13526 | D:9      | Reached skill level 6 in Armour
 13848 | D:9      | Reached *** piety under Okawaru
 14230 | D:9      | Found a staircase to the Orcish Mines.
 14393 | D:10     | Entered Level 10 of the Dungeon
 14398 | D:10     | Identified a scroll of acquirement
 14419 | D:10     | Found a snail-covered altar of Cheibriados.
 14420 | D:10     | Noticed a two-headed ogre
 14530 | D:10     | Killed a two-headed ogre
 14531 | D:10     | Reached XP level 11. HP: 84/84 MP: 11/14
 14569 | D:10     | Noticed a white ugly thing
 14579 | D:10     | Killed a white ugly thing
 14632 | D:10     | Found a runed translucent door.
 14637 | D:10     | Noticed an orange crystal statue
 14637 | D:10     | Noticed an orange crystal statue
 14637 | D:10     | Noticed an orange crystal statue
 14637 | D:10     | Found the +10 tower shield of Ignorance {rN+ Int-4}
 14643 | D:10     | Found a runed translucent door.
 14643 | D:10     | Noticed an orange crystal statue
 14725 | D:9      | Reached skill level 7 in Armour
 14811 | D:10     | Noticed Harold
 14836 | D:9      | Killed Harold
 15153 | D:10     | Reached **** piety under Okawaru
 15563 | D:10     | Received a gift from Okawaru
 16943 | D:11     | Received a gift from Okawaru
 17269 | D:12     | Noticed a deep elf pyromancer
 17277 | D:12     | Killed a deep elf pyromancer
 17278 | D:12     | Reached skill level 5 in Invocations
 17279 | D:12     | Noticed Sonja
 17287 | D:11     | Received a gift from Okawaru
 17427 | D:12     | Killed Sonja
 17428 | D:12     | Reached skill level 8 in Armour
 17608 | D:12     | Received a gift from Okawaru
 17739 | D:12     | Noticed Zeatusch's ghost (journeyman GrFi)
 17739 | D:12     | Noticed a two-headed ogre
 17740 | D:12     | Noticed a centaur warrior
 17748 | D:12     | Found a runed translucent gate.
 17748 | D:12     | Found a runed translucent gate.
 17748 | D:12     | Found a runed translucent gate.
 17753 | D:12     | Noticed a cyclops
 17759 | D:12     | Killed a cyclops
 17760 | D:12     | Reached XP level 12. HP: 95/95 MP: 13/16
 17807 | D:12     | Noticed Maurice
 17832 | D:12     | Killed Maurice
 17888 | D:12     | Found a stormy altar of Qazlal.
 18182 | D:13     | Reached ***** piety under Okawaru
 18200 | D:13     | Noticed Urug
 18217 | D:13     | Killed Urug
 18524 | D:13     | Noticed a centaur warrior
 18533 | D:13     | Killed a centaur warrior
 18986 | D:13     | Received a gift from Okawaru
 19019 | D:14     | Identified the +4 falchion of Hoss {speed, rF+}
 19065 | D:14     | Reached skill level 9 in Armour
 19140 | D:14     | Received a gift from Okawaru
 19147 | D:14     | Noticed a boulder beetle
 19168 | D:14     | Killed a boulder beetle
 19168 | D:14     | Received a gift from Okawaru
 19420 | D:14     | Reached skill level 10 in Fighting
 19634 | D:14     | Identified the +2 robe of Gaor {rPois rN+ Archmagi}
 19814 | D:14     | Found a runed translucent door.
 19814 | D:14     | Noticed a stone giant
 19814 | D:14     | Noticed a crystal guardian
 19814 | D:14     | Noticed a two-headed ogre
 19814 | D:14     | a dream sheep changed into a two-headed ogre
 19957 | D:14     | Noticed a two-headed ogre
 19988 | D:14     | Killed a two-headed ogre
 20073 | D:14     | Found a gate to the Vaults.
 20073 | D:14     | Noticed a two-headed ogre
 20091 | D:14     | Killed a two-headed ogre
 20092 | D:14     | Reached skill level 10 in Armour
 20106 | D:14     | Gained mutation: You can hop long distances. [Barachi
                  | growth]
 20106 | D:14     | Reached XP level 13. HP: 72/104 MP: 11/18
 20397 | D:15     | Entered Level 15 of the Dungeon
 20401 | D:15     | Acquired the +0 mask of the Dragon {Will+ Slay+3 SInv}
 20401 | D:15     | Found the +0 mask of the Dragon {Will+ Slay+3 SInv}
 20474 | D:15     | Found a gate leading to a gauntlet.
 20483 | Gauntlet | Entered a Gauntlet
 20483 | Gauntlet | Found a transporter.
 20487 | Gauntlet | Found a transporter.
 20489 | Gauntlet | Found a transporter.
 20504 | Gauntlet | Found a transporter.
 20505 | Gauntlet | Found a transporter.
 20515 | Gauntlet | Found a transporter.
 20537 | Gauntlet | Found a transporter.
 20537 | Gauntlet | Noticed an entropy weaver
 20538 | Gauntlet | Found a runed translucent door.
 20543 | Gauntlet | Found a runed translucent door.
 20548 | Gauntlet | Found a transporter.
 20552 | Gauntlet | Found a transporter.
 20552 | Gauntlet | Found a transporter.
 20569 | Gauntlet | Found a transporter.
 20571 | Gauntlet | Found a transporter.
 20597 | Gauntlet | Found a transporter.
 20611 | Gauntlet | Found a transporter.
 20731 | Gauntlet | Got the Almanac of the Arsonist and Envenoming
 20854 | Gauntlet | Noticed a minotaur
 20873 | Gauntlet | Killed a minotaur
 20874 | Gauntlet | Reached skill level 10 in Dodging
 21195 | D:15     | Received a gift from Okawaru
 21568 | D:8      | Bought a scroll of brand weapon for 280 gold pieces
 21630 | Lair:1   | Entered Level 1 of the Lair of Beasts
 21841 | Lair:1   | Acquired the +11 shortbow "Hydrabane" {venom, Fly rElec
                  | MP-9 Stlth-}
 21998 | Lair:1   | Reached skill level 11 in Armour
 22324 | Lair:2   | Found a staircase to the Snake Pit.
 22480 | Lair:2   | Received a gift from Okawaru
 22516 | Lair:2   | Found a runed translucent door.
 22518 | Lair:2   | Noticed Cancer's ghost (journeyman GrCj)
 22529 | Lair:2   | Killed Cancer's ghost
 22529 | Lair:2   | Received a gift from Okawaru
 22542 | Lair:2   | Identified the +1 chain mail of the Farrier {rElec Slay+3}
 22686 | Lair:2   | Upgraded the game from 0.28-a0-1143-gcf6077d4cc to
                  | 0.28-a0-1404-g4df0f3684d
 23055 | Lair:3   | Found a staircase to the Swamp.
 23105 | Lair:3   | Found a runed translucent door.
 23107 | Lair:3   | Noticed Wollwoll's ghost (journeyman DsIE)
 23263 | Lair:3   | Received a gift from Okawaru
 23305 | Lair:3   | Identified the +5 trident of Kismet {flame, Fly rElec rN+
                  | Stlth+}
 23414 | Lair:3   | Upgraded the game from 0.28-a0-1404-g4df0f3684d to
                  | 0.28-a0-1518-gbe868bca14
 23490 | Lair:3   | Reached XP level 14. HP: 115/115 MP: 11/20
 23927 | Lair:4   | Noticed Josephine
 24077 | Lair:4   | Identified the +2 spear of the Vaults {spect, Str+3}
 24246 | Lair:4   | Killed Josephine
 24252 | Lair:4   | Reached skill level 12 in Armour
 24895 | Lair:4   | Received a gift from Okawaru
 25055 | Lair:5   | Noticed Kirke
 25073 | Lair:5   | Killed Kirke
 25073 | Lair:5   | Received a gift from Okawaru
 25074 | Lair:5   | Reached skill level 15 in Ranged Weapons
 25106 | Lair:5   | Found a shadowy altar of Dithmenos.
 25555 | Lair:5   | Reached ****** piety under Okawaru
 25914 | Lair:6   | Entered Level 6 of the Lair of Beasts
 26093 | Lair:6   | Found a staircase to the Slime Pits.
 26249 | Lair:6   | Reached XP level 15. HP: 123/124 MP: 13/22
 26350 | Lair:6   | Reached skill level 13 in Armour
 26704 | Lair:6   | Identified the +1 robe of Pathos {Int+9} (Okawaru gifted it
                  | to you on level 6 of the Lair of Beasts)
 26704 | Lair:6   | Received a gift from Okawaru
 27042 | Lair:6   | Reached skill level 10 in Invocations
 27285 | Lair:6   | Found a runed translucent door.
 27910 | Orc:1    | Entered Level 1 of the Orcish Mines
 28123 | Orc:1    | Found a frozen archway.
 28186 | IceCv    | Entered an ice cave
 28583 | IceCv    | Identified the ring of Roops {rElec rF+ rCorr Dex+4 Slay+3}
 29012 | Orc:2    | Entered Level 2 of the Orcish Mines
 29121 | Orc:2    | Received a gift from Okawaru
 29164 | Orc:2    | Noticed Donald
 29187 | Orc:2    | Killed Donald
 29242 | Orc:2    | Found Haskan's Weapon Shoppe.
 29342 | Orc:2    | Noticed Saint Roka
 29360 | Orc:2    | Killed Saint Roka
 29360 | Orc:2    | Identified the +6 shortbow of the Blessed Realm {flame,
                  | rN+} (Okawaru gifted it to you on level 2 of the Orcish
                  | Mines)
 29360 | Orc:2    | Received a gift from Okawaru
 29408 | Orc:2    | Found a staircase to the Elven Halls.
 29483 | Orc:2    | Found a dark tunnel.
 29501 | Volcano  | Entered a volcano
 29642 | Volcano  | Found a burning altar of Makhleb.
 29647 | Volcano  | Reached skill level 14 in Armour
 30247 | Orc:2    | Reached XP level 16. HP: 126/134 MP: 14/23
 30355 | Orc:2    | Paralysed by an orc sorcerer for 4 turns
 30429 | Orc:2    | Received a gift from Okawaru
 30448 | Orc:2    | Found Rexkoddie's Antique Weapon Emporium.
 30449 | Orc:2    | Found Gucs's General Store.
 30454 | Orc:2    | Found Ganuqios's Book Emporium.
 30454 | Orc:2    | Found Dekytt's Jewellery Shoppe.
 30575 | Orc:2    | Bought the amulet of Vitality {Regen+ HP+15} for 948 gold
                  | pieces
 30575 | Orc:2    | Found the amulet of Vitality {Regen+ HP+15}
 30594 | Orc:2    | Bought a throwing net for 45 gold pieces
 30759 | Swamp:1  | Entered Level 1 of the Swamp
 30772 | Swamp:1  | Received a gift from Okawaru
 31133 | Swamp:1  | Received a gift from Okawaru
 31395 | Swamp:2  | Noticed a tentacled monstrosity
 31413 | Swamp:2  | Reached skill level 15 in Fighting
 31413 | Swamp:2  | Identified the +6 longbow "Xape" {venom, Dex+4} (Okawaru
                  | gifted it to you on level 2 of the Swamp)
 31413 | Swamp:2  | Received a gift from Okawaru
 31451 | Swamp:2  | Killed a tentacled monstrosity
 31554 | Swamp:2  | Reached skill level 15 in Armour
 31579 | Swamp:2  | Received a gift from Okawaru
 31880 | Swamp:2  | Noticed a thorn hunter
 31884 | Swamp:2  | Killed a thorn hunter
 32295 | Swamp:3  | Found an opulent altar of Gozag.
 32305 | Swamp:3  | Reached XP level 17. HP: 115/142 MP: 25/25
 32487 | Swamp:3  | Received a gift from Okawaru
 32653 | Swamp:4  | Entered Level 4 of the Swamp
 33614 | Swamp:4  | Received a gift from Okawaru
 33668 | Swamp:4  | Got a decaying rune of Zot
 34105 | Snake:1  | Entered Level 1 of the Snake Pit
 34315 | D:3      | Killed ytrimaz's ghost
 34421 | D:5      | Killed browni3141's ghost
 35056 | Snake:1  | Noticed Aizul
 35062 | Snake:1  | Killed Aizul
 35626 | Snake:2  | Reached skill level 16 in Armour
 35645 | Snake:2  | Identified the +1 buckler of Rudghioc {MP+9} (Okawaru
                  | gifted it to you on level 2 of the Snake Pit)
 35645 | Snake:2  | Received a gift from Okawaru
 35683 | Snake:2  | Reached skill level 15 in Dodging
 35959 | Snake:2  | Noticed Agnes
 35971 | Snake:2  | Killed Agnes
 36274 | Snake:2  | Found a glowing golden altar of the Shining One.
 36498 | Snake:2  | Found Viemacer's Jewellery Boutique.
 36746 | Snake:2  | Bought a ring of willpower for 500 gold pieces
 37031 | Snake:3  | Identified the +4 chain mail "Raurro" {Rampage Will+ Slay+3
                  | Stlth+}
 37059 | Snake:3  | Noticed Louise
 37095 | Snake:3  | Killed Louise
 37295 | Snake:3  | Reached XP level 18. HP: 153/153 MP: 27/27
 37556 | Snake:3  | Noticed Vashnia
 37582 | Snake:3  | Killed Vashnia
 38018 | Snake:4  | Entered Level 4 of the Snake Pit
 38065 | Snake:4  | Received a gift from Okawaru
 38376 | Snake:4  | Identified the +3 dagger of Glory {flame, SInv} (Okawaru
                  | gifted it to you on level 4 of the Snake Pit)
 38376 | Snake:4  | Received a gift from Okawaru
 38893 | Snake:4  | Reached skill level 17 in Armour
 39136 | Snake:4  | Identified the +10 plate armour of the Heron {rF- Regen+
                  | rCorr Str+4} (Okawaru gifted it to you on level 4 of the
                  | Snake Pit)
 39136 | Snake:4  | Received a gift from Okawaru
 39215 | Snake:4  | Got a serpentine rune of Zot
 39729 | D:12     | Killed Zeatusch's ghost
 40456 | D:15     | Reached XP level 19. HP: 162/162 MP: 29/29
 40598 | D:15     | Found a staircase to the Depths.
 40827 | Vaults:1 | Entered Level 1 of the Vaults
 41891 | Vaults:1 | Identified the +9 longbow "Nint" {vorpal, Str+3 Stlth+}
                  | (Okawaru gifted it to you on level 1 of the Vaults)
 41891 | Vaults:1 | Received a gift from Okawaru
 42234 | Vaults:1 | Identified the +0 scale mail "Ximyqe" {Str+4}
 42719 | Vaults:2 | Found a crumbling gateway.
 42726 | Desolati | Entered the Desolation of Salt
 42805 | Desolati | Reached skill level 18 in Armour
 42827 | Desolati | Found the +7 pair of quick blades "Gyre" and "Gimble"
                  | {protect}
 42867 | Desolati | Got Ywebeoc's Disquisition on Stones and Dislocation
 43137 | Desolati | Got the Guide on Displacement and Stones
 43140 | Desolati | Got Xiaps's Grimoire of Mutagenic Conjuration
 43253 | Desolati | Received a gift from Okawaru
 43370 | Desolati | Identified the ring of the Hero {rC+ Str-3 Int+2 Dex+6}
 43430 | Desolati | Identified the +7 plate armour of the Hidden Vale {Str+3
                  | Dex+2}
 43533 | Desolati | Upgraded the game from 0.28-a0-1518-gbe868bca14 to
                  | 0.30-a0-424-g7412bad402
 43533 | Desolati | Upgraded the game from 0.30-a0-424-g7412bad402 to
                  | 0.30-a0-459-g9104f0fc43
 43818 | Vaults:2 | Identified the +1 cloak of Henotheism {*Corrode +Inv Str+2}
                  | (Okawaru gifted it to you on level 2 of the Vaults)
 43818 | Vaults:2 | Received a gift from Okawaru
 43825 | Vaults:2 | Reached XP level 20. HP: 172/172 MP: 30/30
 44066 | Vaults:2 | Found a staircase to the Crypt.
 44251 | Vaults:2 | Found Miurit's Distillery.
 44255 | Vaults:2 | Bought a potion of heal wounds for 80 gold pieces
 44255 | Vaults:2 | Bought a potion of curing for 48 gold pieces
 44311 | Vaults:2 | Found the +18 shield of the Gong {rElec rN+ Will+ EV-5}
 44803 | Vaults:3 | Identified the +5 falchion "Powarobe" {vamp, Int+6}
 44984 | Vaults:3 | Received a gift from Okawaru
 44984 | Vaults:3 | Found the +8 storm bow {elec, penet}
 45147 | Vaults:3 | Reached skill level 19 in Armour
 45737 | Vaults:4 | Received a gift from Okawaru
 45861 | Vaults:4 | Reached XP level 21. HP: 181/181 MP: 32/32
 45882 | Vaults:4 | Reached skill level 15 in Invocations
 45934 | Vaults:4 | Identified the +4 ring mail of Okawaru's Hope {rF+++ rN+
                  | Will+ Str-4} (Okawaru gifted it to you on level 4 of the
                  | Vaults)
 45934 | Vaults:4 | Received a gift from Okawaru
 47046 | D:14     | Identified the ring of Pride {Wiz rPois}
 47163 | Depths:1 | Entered Level 1 of the Depths
 47218 | Depths:1 | Noticed Margery
 47234 | Depths:1 | Killed Margery
 47260 | Depths:1 | Found a gateway to Hell.
 47307 | Depths:1 | Reached skill level 20 in Armour
 47482 | Depths:1 | Received a gift from Okawaru
 47602 | Depths:1 | Noticed Mara
 47609 | Depths:1 | Noticed FexLirch's illusion
 47611 | Depths:1 | Killed Mara
 47672 | Depths:1 | Identified the ring of Huowus {rPois MP+9 Str+2}
 47731 | Depths:1 | Noticed a caustic shrike
 47736 | Depths:1 | Killed a caustic shrike
 47736 | Depths:1 | Received a gift from Okawaru
 47968 | Depths:2 | Reached XP level 22. HP: 191/191 MP: 33/33
 48064 | Depths:2 | Found a one-way gate leading to the halls of Pandemonium.
 48162 | Depths:2 | Identified the +9 short sword "Waschum" {vorpal, rCorr
                  | Str+5} (Okawaru gifted it to you on level 2 of the Depths)
 48162 | Depths:2 | Received a gift from Okawaru
 48489 | Depths:2 | Found an opulent altar of Gozag.
 48517 | Depths:2 | Reached skill level 21 in Armour
 48874 | Depths:2 | Found a one-way gate to the infinite horrors of the Abyss.
 48919 | Depths:3 | Noticed a caustic shrike
 48925 | Depths:3 | Killed a caustic shrike
 48982 | Depths:3 | Received a gift from Okawaru
 49025 | Depths:3 | Noticed a golden dragon
 49056 | Depths:3 | Killed a golden dragon
 49113 | Depths:3 | Identified the +8 quarterstaff of the Harvest {vorpal,
                  | Fragile rPois rN+++ Int+4}
 49135 | Depths:3 | Noticed a golden dragon
 49146 | Depths:3 | Killed a golden dragon
 49147 | Depths:3 | Noticed a golden dragon
 49158 | Depths:3 | Killed a golden dragon
 49222 | Depths:4 | Entered Level 4 of the Depths
 49374 | Hell     | Entered the Vestibule of Hell
 49374 | Hell     | Noticed Geryon
 49377 | Arena    | Entered the Arena
 49391 | Arena    | Killed Geryon
 49391 | Arena    | Identified the +2 chain mail of Impermeability {Stlth+}
                  | (Okawaru gifted it to you in the Arena)
 49391 | Arena    | Received a gift from Okawaru
 49392 | Arena    | Reached skill level 22 in Armour
 49412 | Hell     | Reached XP level 23. HP: 200/200 MP: 35/35
 49440 | Hell     | Noticed Murray
 49464 | Hell     | Killed Murray
 49478 | Hell     | Found a gateway to the freezing wastes of Cocytus.
 49673 | Hell     | Found a gateway to the ashen valley of Gehenna.
 49795 | Hell     | Found a gateway to the Iron City of Dis.
 49889 | Hell     | Found a gateway to the decaying netherworld of Tartarus.
 50529 | Depths:4 | Found a one-way gateway to a ziggurat.
 50634 | Depths:4 | Received a gift from Okawaru
 50683 | Depths:4 | Noticed a golden dragon
 50698 | Depths:4 | Killed a golden dragon
 51063 | Depths:4 | Found a gate to the Realm of Zot.
 51182 | Depths:2 | Voluntarily entered the Abyss.
 51242 | Depths:2 | Escaped the Abyss
 51363 | Depths:2 | Voluntarily entered the Abyss.
 51744 | Abyss:2  | Gained mutation: Potions are less effective at restoring
                  | your health. [a neqoxec]
 52134 | Abyss:3  | Lost mutation: Potions are less effective at restoring your
                  | health. [potion of mutation]
 52134 | Abyss:3  | Gained mutation: You have sharp toenails. [potion of
                  | mutation]
 52134 | Abyss:3  | Gained mutation: Your flesh is heat resistant. (rF+)
                  | [potion of mutation]
 52179 | Abyss:3  | Reached XP level 24. HP: 210/210 MP: 35/35
 52271 | Abyss:3  | Gained mutation: Your spells are a little easier to cast,
                  | but a little less powerful. [a neqoxec]
 52500 | Abyss:3  | Reached skill level 23 in Armour
 52512 | Abyss:3  | Identified the +6 quarterstaff of Domination {venom,
                  | Fragile rElec Will++ Str-4} (Okawaru gifted it to you on
                  | level 3 of the Abyss)
 52512 | Abyss:3  | Received a gift from Okawaru
 53029 | Abyss:3  | Found a broken altar of Ashenzari.
 53260 | Abyss:3  | Found a corrupted altar of Lugonu.
 53264 | Abyss:3  | Received a gift from Okawaru
 53311 | Abyss:3  | Got an abyssal rune of Zot
 53394 | Abyss:3  | Noticed a dread lich
 53406 | Abyss:3  | Killed a dread lich
 53416 | Abyss:3  | Gained mutation: You are clumsy. (Dex -2) [a neqoxec]
 53435 | Depths:2 | Escaped the Abyss
 53547 | Zot:1    | Entered Level 1 of the Realm of Zot
 53931 | Zot:1    | Received a gift from Okawaru
 54653 | Zot:1    | Reached skill level 1 in Short Blades
 54819 | Zot:1    | Reached XP level 25. HP: 194/219 MP: 35/35
 54919 | Zot:1    | Found a runed translucent door.
 54923 | Zot:1    | Noticed Buusaloph's ghost (veteran TrCK)
 55151 | Zot:1    | Identified the ring "Hokiaxiu" {rN+ Str+2 Int-5 Slay+3
                  | SInv}
 55709 | Zot:2    | Noticed a Killer Klown
 55723 | Zot:2    | Killed a Killer Klown
 55917 | Zot:2    | Received a gift from Okawaru
 56942 | Zot:3    | Reached skill level 24 in Armour
 56985 | Zot:3    | Reached skill level 5 in Short Blades
 57018 | Zot:3    | Received a gift from Okawaru
 57113 | Zot:3    | Found a runed translucent gate.
 57113 | Zot:3    | Found a runed translucent gate.
 57147 | Zot:3    | Found a runed translucent gate.
 57172 | Zot:3    | Noticed Kawoqao's ghost (legendary MiBe)
 57172 | Zot:3    | Noticed an ancient lich
 57636 | Zot:4    | Received a gift from Okawaru
 57637 | Zot:4    | Reached XP level 26. HP: 184/229 MP: 36/36
 57844 | Zot:4    | Noticed a Killer Klown
 57854 | Zot:4    | Killed a Killer Klown
 57854 | Zot:4    | Received a gift from Okawaru
 58764 | Zot:5    | Entered Level 5 of the Realm of Zot
 59167 | Zot:5    | Acquired the +1 pair of boots of Sureaxom {rElec rN+}
 59202 | Zot:5    | Acquired 439 gold pieces
 59247 | Zot:5    | Noticed an ancient lich
 59262 | Zot:5    | Killed an ancient lich
 59340 | Zot:5    | Noticed a Killer Klown
 59345 | Zot:5    | Noticed an orb of fire
 59349 | Zot:5    | Noticed a Killer Klown
 59350 | Arena    | Entered the Arena
 59354 | Arena    | Gained mutation: You expend magic power (3 MP) to
                  | strengthen your wands. [an orb of fire]
 59368 | Arena    | Killed an orb of fire
 59395 | Zot:5    | Killed a Killer Klown
 59405 | Zot:5    | Identified the +0 pair of gloves "Pafukhlaff" {-Cast rElec
                  | rCorr} (Okawaru gifted it to you on level 5 of the Realm of
                  | Zot)
 59405 | Zot:5    | Received a gift from Okawaru
 59417 | Zot:5    | Noticed an orb of fire
 59420 | Zot:5    | Lost mutation: You expend magic power (3 MP) to strengthen
                  | your wands. [an orb of fire]
 59425 | Zot:5    | Killed an orb of fire
 59431 | Zot:5    | Killed a Killer Klown
 59447 | Zot:5    | Identified the +1 ring mail "Tauniaho" {rN+ rCorr}
 59593 | Zot:5    | Noticed an orb of fire
 59593 | Zot:5    | Gained mutation: Armour fits poorly on your strangely
                  | shaped body. [an orb of fire]
 59595 | Zot:5    | Gained mutation: Your magical capacity is low. (-10% MP)
                  | [an orb of fire]
 59600 | Zot:5    | Noticed a Killer Klown
 59604 | Zot:5    | Noticed an orb of fire
 59604 | Zot:5    | Noticed an orb of fire
 59619 | Zot:5    | Killed an orb of fire
 59634 | Zot:5    | Killed an orb of fire
 59637 | Zot:5    | Noticed an orb of fire
 59638 | Zot:5    | Killed an orb of fire
 59645 | Zot:5    | Killed a Killer Klown
 59645 | Zot:5    | Noticed an orb of fire
 59649 | Zot:5    | Gained mutation: You are dopey. (Int -2) [an orb of fire]
 59654 | Zot:5    | Killed an orb of fire
 59655 | Zot:5    | Reached XP level 27. HP: 162/237 MP: 32/32
 59663 | Zot:5    | Killed an orb of fire
 59690 | Zot:5    | Noticed an orb of fire
 59700 | Zot:5    | Killed an orb of fire
 59795 | Zot:5    | Reached skill level 25 in Armour
 59830 | Zot:5    | Noticed an orb of fire
 59838 | Zot:5    | Gained mutation: Your magical capacity is very low. (-20%
                  | MP) [an orb of fire]
 59839 | Zot:5    | Gained mutation: You are vulnerable to cold. (rC-) [an orb
                  | of fire]
 59845 | Zot:5    | Gained mutation: You occasionally lose the ability to read
                  | scrolls when taking damage. [an orb of fire]
 59852 | Zot:5    | Gained mutation: You are frail. (-10% HP) [an orb of fire]
 59864 | Zot:5    | Gained mutation: You have supernaturally acute eyesight.
                  | (SInv) [an orb of fire]
 59869 | Zot:5    | Killed an orb of fire
 59983 | Zot:5    | Got the Orb of Zot
 60002 | Zot:5    | Noticed Rarghe Soadef the pandemonium lord
 60083 | Zot:5    | Killed Rarghe Soadef the pandemonium lord
 60469 | D:12     | Received a gift from Okawaru
 60770 | D:$      | Escaped with the Orb!

Illustrated notes

Levels and vault maps discovered:
D:1:      dpeg_arrival_prison, layout_basic, grunt_decor_one_mirror
D:2:      minmay_kobold_bridge, layout_loops_ring,
          shapermc_ecumenical_altar_flowoftime, uniq_jessica,
          uniq_crazy_yiuf_cottage
D:3:      layout_rooms, grunt_temple_overflow_forces_of_nature,
          lemuel_coloured_pillars_altar, gammafunk_ghost_mausoleum
D:4:      layout_basic, mainiacjoe_overflow_cross_hatched, uniq_blork_the_orc
D:5:      layout_layer_cave, pdpol_wu_jian_five_deadly_venoms,
          mainiacjoe_overflow_catwalk, mainiacjoe_overflow_alcove_4,
          old_standard_altar, gammafunk_ghost_hive
D:6:      layout_basic, temple_green
D:7:      layout_rooms, mainiacjoe_overflow_boulevard,
          nicolae_ossuary_entry_monument
D:8:      layout_loops_ring, lemuel_round_altar, nicolae_wooded_promenade
D:9:      layout_long_grid, grunt_lair_entry_orc_guard_hut, erik_orc_1
D:10:     layout_loops_cross, lemuel_crystal_altar,
          chequers_guarded_unrand_ignorance, uniq_harold
D:11:     layout_big_octagon
D:12:     layout_rooms, gammafunk_ghost_split, grunt_qazlal_clouds, uniq_sonja,
          uniq_maurice
D:13:     layout_grid_maze, uniq_urug
D:14:     layout_gridville, david_vaults_1, minmay_misc_feat_encased,
          kennysheep_treasure_room
D:15:     grunt_enter_depths_snipers, layout_stronghold, gauntlet_entry_generic
Temple:   jpeg_temple_clearing
Lair:1:   layout_regular_city
Lair:2:   layout_loops_ring, guppyfry_snake_entry_island,
          ebering_ghost_reflecting_pool
Lair:3:   layout_regular_city, skrybe_swamp_entry_bodies,
          ebering_ghost_funeral_grove
Lair:4:   layout_long_grid, amcnicky_mini_pool_medium, uniq_josephine
Lair:5:   layout_cave_pods, basic_altar, beast_lair_carwin_2, uniq_kirke
Lair:6:   wormcave, layout_misc_corridors, guppyfry_lair_end_dragon,
          nicolae_slime_entry_slimehenge, kennysheep_abandoned_house
Swamp:1:  layout_basic_swamp, nicolae_swamp_round_clearing
Swamp:2:  layout_basic_swamp, hangedman_swamp_lotus
Swamp:3:  layout_basic_swamp, lemuel_altar_in_water2, nicolae_swamp_big_swirl
Swamp:4:  swamp_icy, layout_basic_swamp, infiniplex_staircase_pool
Snake:1:  layout_onion, grunt_megastairs_2, uniq_aizul
Snake:2:  layout_onion, serial_shops, shop, lemuel_oklob_altar,
          grunt_megastairs_5, uniq_agnes
Snake:3:  layout_chambers, uniq_vashnia, uniq_louise
Snake:4:  snake_pit, layout_misc_corridors, special_room,
          nicolae_snake_double_loop, drop_trap
Orc:1:    layout_diamond_mine, serial_shops, nicolae_shop_trees, basic_altar,
          portal_ice_cave_entry_imps, nicolae_orc_flooded_monolith
Orc:2:    st_orc_mages, layout_diamond_mine, nicolae_volcano_entry_vermiform,
          serial_shops, nicolae_square_shop, mines4_lemuel, uniq_donald,
          uniq_saint_roka
Vaults:1: nicolae_vaults_triangles, v_misc_4, hangedman_vaults_stitches,
          hangedman_vaults_corner_blocks, nicolae_vaults_little_squares_2,
          nicolae_vaults_windows_and_doors_thing, ontoclasm_vaults_hangar,
          layout_vaults_omnigrid
Vaults:2: portal_desolation_entry_nicolae_slug, ontoclasm_vaults_chip,
          blue_anna_dwarven_crypt, ontoclasm_vaults_loading_screen,
          nicolae_vaults_little_squares_5, hangedman_vaults_nails, v_misc_9,
          nicolae_vaults_rhombus_7, hellmonk_guarded_unrand_gong,
          layout_vaults_big_room, serial_shops, shop
Vaults:3: hangedman_vaults_unwind, nicolae_vaults_angled_halls,
          grunt_vaults_diagonal, ontoclasm_vaults_fault, hangedman_vaults_locks,
          grunt_vaults_twisty, hangedman_vaults_stream, v_pattern_5, v_misc_19,
          vaults_mumra_hex, nicolae_vaults_theta, layout_vaults_ring
Vaults:4: st_octagons_1, hangedman_vaults_nodes, hangedman_vaults_restitches,
          nicolae_vaults_puzzle_piece, v_rooms_4,
          nicolae_vaults_network_quincunx
          [nicolae_vaults_network_quincunx_subvault,
          nicolae_vaults_network_quincunx_subvault,
          nicolae_vaults_network_quincunx_subvault,
          nicolae_vaults_network_quincunx_subvault,
          nicolae_vaults_network_quincunx_subvault], vaults_room_corners,
          v_misc_23, ontoclasm_vaults_decontamination,
          nicolae_vaults_circle_grid_b, vaults_dpeg_ring,
          nicolae_vaults_little_squares_3, layout_vaults_maze_snakey
Depths:1: layout_roguey, grunt_metal_band, drop_trap, st_stairs_9,
          minmay_the_grid_2x2 [minmay_the_grid_slots, minmay_the_grid_tiny_cups,
          minmay_the_grid_large_cup, minmay_the_grid_prize_big_room], uniq_mara
Depths:2: minmay_octagon_keep, layout_cave_pools, grunt_gozag_breadcrumbs,
          grunt_hell_entry_dis_old, abyss_entry_crystal, grunt_pan_entry_spiral
Depths:3: minmay_strange_plus, layout_cave_shapes,
          nicolae_abyss_entry_one_way_or_another, hell_entry,
          lemuel_blue_sif_altar, st_stairs_11
Depths:4: evilmike_zot_entry_gauntlet, layout_cave_pools, enter_ziggurat_f,
          hell_entry, st_stairs_5, grunt_ministairs_2
Hell
Zot:1:    kennysheep_room_grid, layout_misc_corridors, ebering_ghost_inner_flame
Zot:2:    layout_gridlike, grunt_megastairs_4
Zot:3:    lemuel_halls_of_wrath, layout_gridville, gammafunk_ghost_necromancy,
          st_stairs_3
Zot:4:    layout_gridlike, grunt_megastairs_1
Zot:5:    layout_gridlike

Skill      XL: |  1  2  3  4  5  6  7  8  9 10 11 12 13 14 15 16 17 18 19 20 21 22 23 24 25 26 27 |
---------------+----------------------------------------------------------------------------------+-----
Ranged Weapons | 5 6 7 8 9 11 12 13 14 15 16 17 18 19 20 21 22 23 24 | 24.8
Armour         | 2 4 6 8 10 11 12 14 15 16 17 18 19 20 22 23 24 25 | 25.1
Fighting       | 3 5 7 9 10 12 13 14 15 16 17 18 19 20 21 22 23 24 | 24.1
Dodging        | 3 5 6 8 9 10 12 13 14 15 16 17 18 19 20 21 22 | 22.4
Transmutations | 2 |  2.0
Earth Magic    | 2 |  2.0
Invocations    | 2 4 5 7 8 9 10 11 12 13 14 15 16 17 18 | 18.9
Short Blades   | 1 6 8 |  8.0
Stealth        | |  0.8

Action                   |  1- 3 |  4- 6 |  7- 9 | 10-12 | 13-15 | 16-18 | 19-21 | 22-24 | 25-27 || total
-------------------------+-------+-------+-------+-------+-------+-------+-------+-------+-------++-------
Melee: Short sword       |   164 |    42 |       |       |       |       |       |       |       ||   206
       Dagger            |       |    91 |   193 |     4 |     4 |       |       |    10 |       ||   302
       Unarmed           |       |       |       |    20 |       |       |       |       |       ||    20
       Hand axe          |       |       |       |    58 |       |       |       |       |       ||    58
       Trident           |       |       |       |    22 |       |       |       |       |       ||    22
       Shortbow          |       |       |       |     1 |       |       |       |       |       ||     1
       Falchion          |       |       |       |       |    19 |       |       |       |       ||    19
       Longbow           |       |       |       |       |       |     1 |       |       |       ||     1
       Pair of quick bla |       |       |       |       |       |       |       |       |    12 ||    12
 Fire: Shortbow          |    12 |   105 |   443 |   870 |  1070 |   301 |       |       |       ||  2801
       Sling             |       |       |    21 |    36 |       |       |       |       |       ||    57
       Longbow           |       |       |       |       |    78 |   945 |  1209 |  1514 |  1265 ||  5011
       Arbalest          |       |       |       |       |       |       |       |    19 |     6 ||    25
Throw: Stone             |    24 |    34 |    14 |       |       |       |       |       |       ||    72
       Boomerang         |       |       |     4 |       |       |       |       |       |       ||     4
       Dart              |       |       |       |     2 |       |       |       |       |       ||     2
 Cast: Passwall          |       |       |       |       |     1 |       |       |       |       ||     1
Invok: Heroism           |       |       |     1 |    20 |     9 |     2 |    10 |     5 |    15 ||    62
       Finesse           |       |       |       |     6 |     5 |     5 |     7 |     4 |    11 ||    38
       Duel              |       |       |       |       |       |       |       |     1 |     1 ||     2
 Abil: Hop               |     2 |     5 |    14 |    20 |    12 |     9 |     8 |     7 |     9 ||    86
Evoke: Wand              |       |       |       |       |     1 |       |       |     1 |     2 ||     4
  Use: Scroll            |     1 |     5 |    10 |    10 |    16 |     3 |     7 |     4 |     9 ||    65
       Potion            |       |     1 |     5 |     5 |     2 |       |       |     1 |     8 ||    22
Armor: Leather armour    |    50 |    26 |    68 |    27 |       |       |       |       |       ||   171
       Chain mail        |       |       |       |   178 |    92 |   132 |   234 |   417 |   250 ||  1303
       Ice dragon scales |       |       |       |       |       |     2 |       |       |       ||     2
Dodge: Dodged            |   112 |    71 |   167 |   230 |   123 |   230 |   477 |   703 |   530 ||  2643

Table legend: (Time is in decaauts)
 A = Elapsed time spent in this place.
 B = Non-inter-level travel time spent in this place.
 C = Inter-level travel time spent in this place.
 D = Time resting spent in this place.
 E = Time spent auto-exploring this place.
 F = Levels seen in this place.
 G = Mean time per level.
                   A        B        C        D        E       F      G
               +--------+--------+--------+--------+--------+-----+--------+
         Total |  66502 |  57413 |   9089 |   6166 |  24995 |  57 | 1166.7 |
       Dungeon |  25290 |  21692 |   3598 |   3780 |  11486 |  15 | 1686.0 |
        Temple |     66 |     40 |     26 |      0 |     28 |   1 |   66.0 |
          Lair |   7385 |   6274 |   1111 |    193 |   4368 |   6 | 1230.8 |
         Swamp |   3325 |   2328 |    997 |    308 |    894 |   4 |  831.2 |
     Snake Pit |   5213 |   4789 |    424 |    318 |   2538 |   4 | 1303.2 |
  Orcish Mines |   1849 |   1303 |    546 |      9 |    455 |   2 |  924.5 |
        Vaults |   6159 |   5276 |    883 |    306 |   2339 |   4 | 1539.8 |
        Depths |   5005 |   3889 |   1116 |    472 |   1037 |   4 | 1251.2 |
          Hell |    636 |    575 |     61 |      0 |      0 |   1 |  636.0 |
           Zot |   6048 |   5724 |    324 |    233 |   1081 |   5 | 1209.6 |
         Abyss |   2276 |   2276 |      0 |    286 |    577 |   4 |  569.0 |
       Ossuary |    699 |    699 |      0 |    104 |     12 |   1 |  699.0 |
      Ice Cave |    508 |    508 |      0 |      0 |    125 |   1 |  508.0 |
       Volcano |    608 |    608 |      0 |     92 |      0 |   1 |  608.0 |
    Desolation |    899 |    899 |      0 |      0 |      0 |   1 |  899.0 |
      Gauntlet |    484 |    484 |      0 |     46 |     50 |   1 |  484.0 |
         Arena |     46 |     46 |      0 |     16 |      0 |   2 |   23.0 |
               +--------+--------+--------+--------+--------+-----+--------+

Top non-repeatable levels by time:
     D:9: 3332 daAuts
     D:5: 2483 daAuts
     D:1: 2071 daAuts
     D:8: 2035 daAuts
  Lair:6: 2025 daAuts
    D:15: 1970 daAuts
Vaults:1: 1931 daAuts
    D:10: 1919 daAuts
    D:14: 1811 daAuts
Depths:4: 1803 daAuts
     D:4: 1771 daAuts
     D:2: 1588 daAuts
 Snake:3: 1521 daAuts
 Snake:4: 1494 daAuts
Vaults:2: 1487 daAuts
